 Dungeon Crawl Stone Soup version 0.31.0-1-g2c135a0 (webtiles) character file.

Game seed: 17868609821777296969

263 jagoly the Trooper (level 6, -2/39 HPs)
             Began as a Gargoyle Monk on Feb 2, 2024.
             Slain by a mummy (11 damage)
             ... in an ossuary.
             The game lasted 00:05:45 (1079 turns).

jagoly the Trooper (Gargoyle Monk)                  Turns: 1079, Time: 00:05:46

Health: -2/39      AC: 17    Str: 17    XL:     6   Next: 19%
Magic:  6/6        EV:  5    Int: 10    God:
Gold:   81         SH:  0    Dex: 12    Spells: 5/5 levels left

rFire   + . .        a - +0 hand axe
rCold   . . .        d - orb {light}
rNeg    + . .        h - +0 plate armour
rPois   ∞            (no helmet)
rElec   +            m - +0 cloak
rCorr   .            o - +0 pair of gloves
SInv    .            (no boots)
Will    .....        (no amulet) Stlth
                     k - ring of protection from fire
HPRegen 0.26/turn    (no ring)
MPRegen 0.10/turn

%: no passive effects
@: glowing
A: sickness immunity, AC +4, negative energy resistance 1, electricity
resistance, torment resistance 1, petrification resistance
a: no special abilities


You were in an ossuary.
You visited 1 branch of the dungeon, and saw 5 of its levels.
You also visited: Ossuary.

You collected 81 gold pieces.

Inventory:

Hand Weapons
 a - a +0 hand axe (weapon)
Missiles
 e - 3 poisoned darts
 j - 3 stones (quivered)
 w - 5 darts of dispersal
Armour
 b - a +0 robe
 d - an orb of light (worn)
 h - a +0 plate armour (worn)
 m - a +0 cloak (worn)
 o - a +0 pair of gloves (worn)
Jewellery
 k - a ring of protection from fire (left hand)
Scrolls
 f - a scroll of identify {unknown}
 g - a scroll of teleportation {unknown}
 i - a scroll of amnesia {unknown}
 l - 2 scrolls of noise {unknown}
 q - a scroll of silence {unknown}
 r - a scroll of fear {unknown}
 s - a scroll of vulnerability {unknown}
 x - a scroll of torment {unknown}
 y - a scroll of fog {unknown}
Potions
 n - 3 potions of curing {unknown}
 p - a potion of cancellation {unknown}
 t - a potion of resistance {unknown}
 u - a potion of enlightenment {unknown}
 v - a potion of mutation {unknown}
 z - a potion of attraction {unknown}


   Skills:
 + Level 4.5 Fighting
 * Level 4.5 Axes
 + Level 2.7 Armour
 - Level 3.0 Dodging


You had 5 spell levels left.
You didn't know any spells.
Your spell library was empty.

Dungeon Overview and Level Annotations

Branches:
Dungeon (5/15) Zot: 26990 Ossuary (1/1) Zot: 5829
 Temple: D:4-7

Altars:
Zin

Annotations:
D:2 Sigmund


Innate Abilities, Weirdness & Mutations

You are immune to sickness and miasma.
Your stone body is resilient. (AC +4)
You are immune to poison.
You resist negative energy. (rN+)
You are resistant to electric shocks. (rElec)
You are resistant to unholy torment.
You are immune to petrification.


Message History

You hit the howler monkey but do no damage.
The howler monkey is moderately wounded.
The howler monkey hits you.
You slash the howler monkey!
The howler monkey is almost dead.
The howler monkey hits you but does no damage. x2
You hit the howler monkey.
You kill the howler monkey!
Your Axes skill increases to level 4!
No target in view!
Something unseen opens the door.
HP restored.
y - a scroll labelled VATECI TEPIZ A goblin comes into view.
It is wielding a +0 club.
The goblin shouts!
You hit the goblin.
The goblin is moderately wounded.
The goblin hits you but does no damage.
You hit the goblin.
You kill the goblin!
Found a sand-covered staircase.
There is a stone staircase leading down here.
You climb downwards.
There is a stone staircase leading up here.
You climb upwards.
You hear the hiss of flowing sand.
There is an entrance to an ossuary on this level.
Hurry and find it before the portal is buried!
There is a stone staircase leading down here.
There is an open door here.
There is a sand-covered staircase here.
The world spins around you as you enter the gateway.
You enter an ossuary!
Found a gate leading back out of this place.
There is an empty arch of ancient stone here.
An orc zombie, 3 gnoll zombies and 2 hobgoblin zombies come into view.
Unknown command.
Unknown command.
Throw: 3 darts (poison)
Press: ? - help, Q - select action, (/) - cycle Shift-Dir - straight line, f - gnoll zombie
Aim: a gnoll zombie (80% to hit)
You throw a poisoned dart.
The poisoned dart hits the gnoll zombie.
Throw: 2 darts (poison)
Press: ? - help, Q - select action, (/) - cycle Shift-Dir - straight line, f/p - gnoll zombie
Aim: a gnoll zombie (80% to hit)
You throw a poisoned dart.
The poisoned dart barely misses the gnoll zombie.
The poisoned dart hits the orc zombie.
Unknown command.
Throw: 34 stones
Press: ? - help, Q - select action, (/) - cycle Shift-Dir - straight line, f/p - gnoll zombie
Aim: a gnoll zombie (haloed, 97% to hit)
You throw a stone. The stone hits the gnoll zombie.
The gnoll zombie is lightly damaged.
Throw: 33 stones
Press: ? - help, Q - select action, (/) - cycle Shift-Dir - straight line, f/p - gnoll zombie
Aim: a gnoll zombie (lightly damaged, haloed, 97% to hit)
You throw a stone.
The stone completely misses the gnoll zombie.
The stone hits the orc zombie but does no damage.
You hit the gnoll zombie.
The gnoll zombie is moderately damaged.
You hit the gnoll zombie.
The gnoll zombie hits you but does no damage.
The gnoll zombie barely misses you.
You slash the gnoll zombie!
The gnoll zombie is severely damaged.
You hit the gnoll zombie. The gnoll zombie completely misses you.
You hit the gnoll zombie.
The gnoll zombie is severely damaged.
You hit the hobgoblin zombie. You hit the gnoll zombie.
The gnoll zombie hits you but does no damage. x2
You slash the gnoll zombie!
You destroy the gnoll zombie!
You hit the gnoll zombie. You hit the hobgoblin zombie.
The hobgoblin zombie hits you but does no damage.
The gnoll zombie hits you.
You hit the gnoll zombie.
You destroy the gnoll zombie!
You hit the hobgoblin zombie.
You destroy the hobgoblin zombie!
You hit the orc zombie.
The orc zombie hits you but does no damage.
You slash the orc zombie!
You destroy the orc zombie!
You hit the hobgoblin zombie.
You hit the gnoll zombie but do no damage.
The hobgoblin zombie hits you. The gnoll zombie completely misses you.
You slash the hobgoblin zombie!
You destroy the hobgoblin zombie!
You hit the gnoll zombie.
The gnoll zombie hits you but does no damage.
You slash the gnoll zombie!
The gnoll zombie is severely damaged.
The gnoll zombie hits you but does no damage.
You slash the gnoll zombie!
You destroy the gnoll zombie!
No target in view!
e - 2 poisoned darts (gained 1)
An orc zombie and 2 mummies come into view.
You see here a poisoned dart.
e - 3 poisoned darts (gained 1) Throw: 32 stones
Press: ? - help, Q - select action, (/) - cycle Shift-Dir - straight line, f - orc zombie
Aim: an orc zombie (76% to hit)
You throw a stone.
The stone hits the orc zombie but does no damage.
Throw: 31 stones
Press: ? - help, Q - select action, (/) - cycle Shift-Dir - straight line, f - mummy, p - orc zombie
Aim: a mummy (72% to hit)
You throw a stone.
The stone hits the mummy but does no damage.
Throw: 30 stones
Press: ? - help, Q - select action, (/) - cycle Shift-Dir - straight line, f/p - mummy
Aim: a mummy (72% to hit)
You throw a stone. The stone hits the mummy.
The mummy is lightly damaged.
Throw: 29 stones
Press: ? - help, Q - select action, (/) - cycle Shift-Dir - straight line, f/p - mummy
Aim: a mummy (lightly damaged, 72% to hit)
You throw a stone. The stone barely misses the mummy.
The stone hits the mummy.
The mummy is lightly damaged.
Throw: 28 stones
Press: ? - help, Q - select action, (/) - cycle Shift-Dir - straight line, f/p - mummy
Aim: a mummy (lightly damaged, 72% to hit)
You throw a stone.
The stone hits the mummy but does no damage.
The mummy is lightly damaged.
Throw: 27 stones
Press: ? - help, Q - select action, (/) - cycle Shift-Dir - straight line, f/p - mummy
Aim: a mummy (lightly damaged, haloed, 93% to hit)
You throw a stone. The stone hits the mummy.
The mummy is lightly damaged.
The orc zombie hits you but does no damage.
Throw: 26 stones
Press: ? - help, Q - select action, (/) - cycle Shift-Dir - straight line, f/p - mummy
Aim: a mummy (lightly damaged, haloed, 93% to hit)
You throw a stone.
The stone hits the mummy but does no damage.
The mummy is lightly damaged.
You slash the orc zombie!
The orc zombie is almost destroyed.
The orc zombie hits you but does no damage.
You hit the orc zombie but do no damage.
The orc zombie is almost destroyed.
You hit the mummy but do no damage. The orc zombie barely misses you.
You hit the orc zombie.
You destroy the orc zombie!
You hit the mummy but do no damage. You slash the mummy!
The mummy is heavily damaged.
You hit the mummy. The mummy barely misses you.
You hit the mummy.
The mummy is severely damaged.
You hit the mummy. The mummy hits you.
You hit the mummy.
The mummy is almost destroyed.
You hit the mummy but do no damage. The mummy barely misses you.
You slash the mummy!
You destroy the mummy!
You hit the mummy but do no damage. The mummy hits you.
You barely miss the mummy.
The mummy is moderately damaged.
The mummy hits you.
You hit the mummy.
The mummy is moderately damaged.
The mummy barely misses you.
You hit the mummy.
The mummy is heavily damaged.
You hit the mummy.
The mummy is severely damaged.
The mummy hits you but does no damage.
You hit the mummy.
The mummy is almost destroyed.
The mummy completely misses you.
You hit the mummy.
You destroy the mummy!
No target in view! 2 mummies come into view.
A kobold zombie comes into view.
The kobold zombie moves out of view.
Throw: 25 stones
Press: ? - help, Q - select action, (/) - cycle Shift-Dir - straight line, f - mummy
Aim: a mummy (72% to hit)
You throw a stone.
The stone hits the mummy but does no damage.
Throw: 24 stones
Press: ? - help, Q - select action, (/) - cycle Shift-Dir - straight line, f/p - mummy
Aim: a mummy (72% to hit)
You throw a stone.
The stone hits the mummy but does no damage.
Throw: 23 stones
Press: ? - help, Q - select action, (/) - cycle Shift-Dir - straight line, f/p - mummy
Aim: a mummy (72% to hit)
You throw a stone.
The stone hits the mummy but does no damage.
Throw: 22 stones
Press: ? - help, Q - select action, (/) - cycle Shift-Dir - straight line, f/p - mummy
Aim: a mummy (72% to hit)
You throw a stone. The stone hits the kobold zombie.
The kobold zombie is lightly damaged.
Throw: 21 stones
Press: ? - help, Q - select action, (/) - cycle Shift-Dir - straight line, f/p - mummy
Aim: a mummy (haloed, 93% to hit)
You throw a stone.
The stone hits the mummy but does no damage.
Throw: 20 stones
Press: ? - help, Q - select action, (/) - cycle Shift-Dir - straight line, f/p - mummy
Aim: a mummy (haloed, 93% to hit)
You throw a stone.
The stone hits the mummy but does no damage.
Throw: 19 stones
Press: ? - help, Q - select action, (/) - cycle Shift-Dir - straight line, f/p - mummy
Aim: a mummy (haloed, 93% to hit)
You throw a stone. The stone hits the mummy.
The mummy is lightly damaged.
Throw: 18 stones
Press: ? - help, Q - select action, (/) - cycle Shift-Dir - straight line, f/p - mummy
Aim: a mummy (haloed, 93% to hit)
You throw a stone.
The stone hits the mummy but does no damage.
You hit the mummy.
The mummy is lightly damaged.
You hit the mummy. The mummy hits you.
You hit the mummy.
The mummy is moderately damaged.
You hit the mummy. The mummy hits you but does no damage. The mummy hits you.
You hit the mummy.
The mummy is heavily damaged.
You hit the mummy. The mummy barely misses you.
You hit the mummy.
The mummy is almost destroyed.
You hit the mummy. The mummy hits you.
You hit the mummy but do no damage.
The mummy is almost destroyed.
You hit the mummy. The mummy hits you!
* * * LOW HITPOINT WARNING * * *
You are too injured to fight recklessly!
You are too injured to fight recklessly!
Cleave: a) +0 hand axe
Press: ? - help, Dir - move target, f/p - mummy
Aim: a mummy (almost destroyed, haloed, about 6% to evade your +0 hand axe)
You hit the mummy.
You destroy the mummy!
You barely miss the mummy. The mummy hits you but does no damage.
Cleave: a) +0 hand axe
Press: ? - help, Dir - move target, f - mummy
Aim: a mummy (severely damaged, haloed, about 6% to evade your +0 hand axe)
You slash the mummy!
You destroy the mummy!
You barely miss the kobold zombie.
The kobold zombie hits you but does no damage.
You have reached level 6!
Cleave: a) +0 hand axe
Press: ? - help, Dir - move target, f - kobold zombie
Aim: a kobold zombie (lightly damaged, haloed, about 10% to evade your +0 hand axe)
You hit the kobold zombie.
The kobold zombie is almost destroyed.
The kobold zombie barely misses you.
Cleave: a) +0 hand axe
Press: ? - help, Dir - move target, f/p - kobold zombie
Aim: a kobold zombie (almost destroyed, haloed, about 10% to evade your +0 hand axe)
You barely miss the kobold zombie.
The kobold zombie is almost destroyed.
The kobold zombie hits you but does no damage.
Cleave: a) +0 hand axe
Press: ? - help, Dir - move target, f/p - kobold zombie
Aim: a kobold zombie (almost destroyed, haloed, about 10% to evade your +0 hand axe)
You slash the kobold zombie!
You destroy the kobold zombie!
A mummy comes into view.
Throw: 17 stones
Press: ? - help, Q - select action, (/) - cycle Shift-Dir - straight line, f - mummy
Aim: a mummy (72% to hit)
You throw a stone. The stone barely misses the mummy.
Okay, then.
Throw: 16 stones
Press: ? - help, Q - select action, (/) - cycle Shift-Dir - straight line, f - you Really target yourself?
Okay, then.
Throw: 16 stones
Press: ? - help, Q - select action, (/) - cycle Shift-Dir - straight line, f - mummy
Aim: a mummy (72% to hit)
You throw a stone. The stone barely misses the mummy.
Throw: 15 stones
Press: ? - help, Q - select action, (/) - cycle Shift-Dir - straight line, f/p - mummy
Aim: a mummy (72% to hit)
You throw a stone.
The stone hits the mummy but does no damage.
Throw: 14 stones
Press: ? - help, Q - select action, (/) - cycle Shift-Dir - straight line, f/p - mummy
Aim: a mummy (72% to hit)
You throw a stone.
The stone hits the mummy but does no damage.
Throw: 13 stones
Press: ? - help, Q - select action, (/) - cycle Shift-Dir - straight line, f/p - mummy
Aim: a mummy (72% to hit)
You throw a stone. The stone hits the mummy.
The mummy is lightly damaged.
Throw: 12 stones
Press: ? - help, Q - select action, (/) - cycle Shift-Dir - straight line, f/p - mummy
Aim: a mummy (lightly damaged, 72% to hit)
You throw a stone.
The stone hits the mummy but does no damage.
The mummy is lightly damaged.
Throw: 11 stones
Press: ? - help, Q - select action, (/) - cycle Shift-Dir - straight line, f/p - mummy
Aim: a mummy (lightly damaged, 72% to hit)
You throw a stone.
The stone hits the mummy but does no damage.
The mummy is lightly damaged.
Throw: 10 stones
Press: ? - help, Q - select action, (/) - cycle Shift-Dir - straight line, f/p - mummy
Aim: a mummy (lightly damaged, haloed, 93% to hit)
You throw a stone.
The stone hits the mummy but does no damage.
The mummy is lightly damaged.
Throw: 9 stones
Press: ? - help, Q - select action, (/) - cycle Shift-Dir - straight line, f/p - mummy
Aim: a mummy (lightly damaged, haloed, 93% to hit)
You throw a stone. The stone hits the mummy.
The mummy is lightly damaged.
Throw: 8 stones
Press: ? - help, Q - select action, (/) - cycle Shift-Dir - straight line, f/p - mummy
Aim: a mummy (lightly damaged, haloed, 93% to hit)
You throw a stone. The stone hits the mummy.
The mummy is moderately damaged.
Cleave: a) +0 hand axe
Press: ? - help, Dir - move target, f/p - mummy
Aim: a mummy (moderately damaged, haloed, about 6% to evade your +0 hand axe)
You hit the mummy.
The mummy is heavily damaged.
The mummy barely misses you.
Cleave: a) +0 hand axe
Press: ? - help, Dir - move target, f/p - mummy
Aim: a mummy (heavily damaged, haloed, about 6% to evade your +0 hand axe)
You hit the mummy but do no damage.
The mummy is heavily damaged.
Cleave: a) +0 hand axe
Press: ? - help, Dir - move target, f/p - mummy
Aim: a mummy (heavily damaged, haloed, about 6% to evade your +0 hand axe)
You hit the mummy but do no damage.
The mummy is heavily damaged.
The mummy hits you but does no damage.
Cleave: a) +0 hand axe
Press: ? - help, Dir - move target, f/p - mummy
Aim: a mummy (heavily damaged, haloed, about 6% to evade your +0 hand axe)
You hit the mummy.
The mummy is severely damaged.
The mummy hits you.
* * * LOW HITPOINT WARNING * * *
Cleave: a) +0 hand axe
Press: ? - help, Dir - move target, f/p - mummy
Aim: a mummy (severely damaged, haloed, about 6% to evade your +0 hand axe)
You hit the mummy.
The mummy is almost destroyed.
Cleave: a) +0 hand axe
Press: ? - help, Dir - move target, f/p - mummy
Aim: a mummy (almost destroyed, haloed, about 6% to evade your +0 hand axe)
You hit the mummy.
You destroy the mummy!
A mummy comes into view.
Throw: 7 stones
Press: ? - help, Q - select action, (/) - cycle Shift-Dir - straight line, f - mummy
Aim: a mummy (72% to hit)
You throw a stone. The stone closely misses the mummy.
Throw: 6 stones
Press: ? - help, Q - select action, (/) - cycle Shift-Dir - straight line, f/p - mummy
Aim: a mummy (haloed, 93% to hit)
You throw a stone.
The stone hits the mummy but does no damage.
Throw: 5 stones
Press: ? - help, Q - select action, (/) - cycle Shift-Dir - straight line, f/p - mummy
Aim: a mummy (haloed, 93% to hit)
You throw a stone. The stone completely misses the mummy.
Throw: 4 stones
Press: ? - help, Q - select action, (/) - cycle Shift-Dir - straight line, f/p - mummy
Aim: a mummy (haloed, 93% to hit)
You throw a stone.
The stone hits the mummy but does no damage.
Cleave: a) +0 hand axe
Press: ? - help, Dir - move target, f/p - mummy
Aim: a mummy (haloed, about 6% to evade your +0 hand axe)
You hit the mummy.
The mummy is moderately damaged.
The mummy hits you but does no damage.
Cleave: a) +0 hand axe
Press: ? - help, Dir - move target, f/p - mummy
Aim: a mummy (moderately damaged, haloed, about 6% to evade your +0 hand axe)
You barely miss the mummy.
The mummy is moderately damaged.
Cleave: a) +0 hand axe
Press: ? - help, Dir - move target, f/p - mummy
Aim: a mummy (moderately damaged, haloed, about 6% to evade your +0 hand axe)
You hit the mummy.
The mummy is moderately damaged.
The mummy hits you but does no damage.
Cleave: a) +0 hand axe
Press: ? - help, Dir - move target, f/p - mummy
Aim: a mummy (moderately damaged, haloed, about 6% to evade your +0 hand axe)
You slash the mummy!
The mummy is almost destroyed.
The mummy hits you but does no damage.
Cleave: a) +0 hand axe
Press: ? - help, Dir - move target, f/p - mummy
Aim: a mummy (almost destroyed, haloed, about 6% to evade your +0 hand axe)
You hit the mummy but do no damage.
The mummy is almost destroyed.
Cleave: a) +0 hand axe
Press: ? - help, Dir - move target, f/p - mummy
Aim: a mummy (almost destroyed, haloed, about 6% to evade your +0 hand axe)
You hit the mummy but do no damage.
The mummy is almost destroyed.
The mummy hits you but does no damage.
Cleave: a) +0 hand axe
Press: ? - help, Dir - move target, f/p - mummy
Aim: a mummy (almost destroyed, haloed, about 6% to evade your +0 hand axe)
You hit the mummy but do no damage.
The mummy is almost destroyed.
The mummy barely misses you.
Cleave: a) +0 hand axe
Press: ? - help, Dir - move target, f/p - mummy
Aim: a mummy (almost destroyed, haloed, about 6% to evade your +0 hand axe)
You hit the mummy but do no damage.
The mummy is almost destroyed.
Cleave: a) +0 hand axe
Press: ? - help, Dir - move target, f/p - mummy
Aim: a mummy (almost destroyed, haloed, about 6% to evade your +0 hand axe)
You hit the mummy.
You destroy the mummy!
A mummy comes into view.
A mummy comes into view.
You hit the mummy.
The mummy is lightly damaged.
You hit the mummy but do no damage.
The mummy is lightly damaged.
The mummy hits you.
* * * LOW HITPOINT WARNING * * *
You hit the mummy.
The mummy is moderately damaged.
The mummy hits you but does no damage.
You hit the mummy.
The mummy is moderately damaged.
You slash the mummy!
The mummy is severely damaged.
The mummy hits you but does no damage.
You hit the mummy but do no damage.
The mummy is severely damaged.
The mummy hits you!
* * * LOW HITPOINT WARNING * * *
You barely miss the mummy.
The mummy is severely damaged.
You hit the mummy but do no damage.
The mummy is severely damaged.
The mummy barely misses you.
You hit the mummy but do no damage.
The mummy is severely damaged.
The mummy hits you but does no damage.
You hit the mummy.
The mummy is almost destroyed.
You hit the mummy.
The mummy is almost destroyed.
The mummy hits you!
* * * LOW HITPOINT WARNING * * *
You are confused.
You feel invigorated.
You bump into the stone wall.
The mummy hits you but does no damage. The mummy attacks as it pursues you!
The mummy barely misses you. The mummy barely misses you.
You're too confused to move!
You feel less invigorated.
You feel less confused. The mummy hits you but does no damage.
The mummy hits you.
You hit the mummy but do no damage. You hit the mummy.
You destroy the mummy!
The mummy hits you but does no damage.
You hit the mummy but do no damage. You hit the mummy but do no damage.
The mummy hits you but does no damage.
You hit the mummy.
The mummy is lightly damaged.
The mummy hits you!
You hit the mummy but do no damage.
The mummy is lightly damaged.
You hit the mummy.
The mummy is moderately damaged.
The mummy hits you but does no damage.
You hit the mummy but do no damage.
The mummy is moderately damaged.
The mummy hits you!
* * * LOW HITPOINT WARNING * * *
You hit the mummy.
The mummy is heavily damaged.
You hit the mummy but do no damage.
The mummy is heavily damaged.
The mummy barely misses you.
You hit the mummy.
The mummy is severely damaged.
The mummy hits you!
You die...

##############
.......M@....##
....####......##
... ##..##......#
....##....##.....#
.................#
...............##
..............##
#........##+#
#......##


You could see a mummy.

Vanquished Creatures
  A howler monkey (D:4)
  A bombardier beetle (D:3)
  A hound (D:3)
  An orc wizard (D:4)
  7 mummies (Ossuary)
  A dart slug (D:3)
  2 ribbon worms
  2 orcs (D:3)
  2 ball pythons
  4 endoplasms
  5 giant cockroaches
  4 goblins
  5 hobgoblins
  2 quokkas
  3 bats
  5 frilled lizards
  3 gnoll zombies (Ossuary)
  2 hobgoblin zombies (Ossuary)
  2 kobolds (D:1)
  A kobold zombie (Ossuary)
  2 orc zombies (Ossuary)
56 creatures vanquished.

Notes
Turn   | Place    | Note
-------+----------+-------------------------------------------
     0 | D:1      | jagoly the Gargoyle Monk began the quest for the Orb.
     0 | D:1      | Reached XP level 1. HP: 14/14 MP: 1/1
   326 | D:2      | Noticed Sigmund
   329 | D:2      | Reached XP level 2. HP: 19/19 MP: 2/2
   508 | D:2      | Reached skill level 1 in Armour
   538 | D:2      | Reached XP level 3. HP: 21/23 MP: 3/3
   719 | D:3      | Reached XP level 4. HP: 12/29 MP: 4/4
   727 | D:3      | Found a glowing silver altar of Zin.
   774 | D:3      | Identified the +3 robe "Vufreece" {rN++}
   856 | D:4      | Reached XP level 5. HP: 32/33 MP: 5/5
   906 | D:4      | Found a sand-covered staircase.
   910 | D:5      | Entered Level 5 of the Dungeon
   919 | Ossuary  | Entered an ossuary
   989 | Ossuary  | Reached XP level 6. HP: 8/39 MP: 6/6
  1060 | Ossuary  | HP: 1/39 [mummy (10)]
  1079 | Ossuary  | Slain by a mummy

Illustrated notes

Levels and vault maps discovered:
D:1:      roderic_dead_forest, layout_basic
D:2:      layout_basic, basic_altar, minmay_misc_feat_pillars, uniq_sigmund
D:3:      layout_basic, zin_treasury, interstate_on_off
D:4:      layout_rooms, jmf_multi_god_temple, makhleb_heckhound_becter,
          enter_ossuary_2, lexackson_kobold_supper
D:5:      cheibrodos_barr_body, layout_basic, vehumet_statue, feat_on_display
Ossuary:  ossuary_tomb_3

Skill      XL: |  1  2  3  4  5 |
---------------+----------------+-----
Axes           | 3 4 |  4.5
Armour         | 1 2 |  2.7
Fighting       | 4 |  4.5
Dodging        | 3 |  3.0

Action                     |  1- 3 |  4- 6 || total
---------------------------+-------+-------++-------
  Melee: Hand axe          |    90 |   107 ||   197
  Throw: Stone             |       |    31 ||    31
         Dart              |       |     2 ||     2
    Use: Potion            |       |     1 ||     1
 Armour: Plate armour      |    99 |    99 ||   198
         Robe              |     3 |       ||     3
  Dodge: Dodged            |    18 |    26 ||    44
